 Dungeon Crawl Stone Soup version 0.26-a0-638-gcca6ad1b57 (webtiles) character file.

Game seed: 17142584091553499605

58 Gottschkopf the Skirmisher (level 4, -2/53 HPs)
             Began as an Ogre Berserker on Sept 14, 2020.
             Was a Believer of Trog.
             Slain by a gnoll
             ... wielding a +0 club
              (6 damage)
             ... on level 2 of the Dungeon.
             The game lasted 00:01:41 (1261 turns).

Gottschkopf the Skirmisher (Ogre Berserker)         Turns: 1261, Time: 00:01:41

Health: -2/53      AC:  3    Str: 22    XL:     4   Next: 2%
Magic:  4/4        EV: 10    Int:  4    God:    Trog [**....]
Gold:   108        SH:  0    Dex:  8    Spells: 3/3 levels left

rFire    . . .     SeeInvis .   a - +0 spear
rCold    . . .     Faith    .   (no shield)
rNeg     . . .     Spirit   .   b - +0 animal skin
rPois    .         Reflect  .   (helmet restricted)
rElec    .         Harm     .   (no cloak)
rCorr    .         Rampage  .   (gloves unavailable)
MR       .....                  (boots unavailable)
Stlth    +.........             j - amulet of regeneration
HPRegen  0.57/turn              c - -4 ring of intelligence (curse)
MPRegen  0.09/turn              (no ring)

@: no status effects
A: large, unfitting armour, tough skin 1
a: Berserk, Trog's Hand, Renounce Religion


You were on level 2 of the Dungeon.
You worshipped Trog.
Trog was pleased with you.
You visited 1 branch of the dungeon, and saw 2 of its levels.

You collected 108 gold pieces.

Inventory:

Hand Weapons
 a - a +0 spear (weapon)
Armour
 b - a +0 animal skin (worn)
Jewellery
 c - a cursed -4 ring of intelligence (left hand)
 j - an amulet of regeneration (around neck)
Scrolls
 e - a scroll of identify {unknown}
 h - a scroll of remove curse {unknown}
Potions
 d - a potion of magic {unknown}
 f - 2 potions of curing {unknown}
 i - a potion of haste {unknown}


   Skills:
 + Level 6.3 Fighting
 - Level 3.0 Polearms
 - Level 2.6 Dodging


You had 3 spell levels left.
You didn't know any spells.
Your spell library was empty.

Dungeon Overview and Level Annotations

Branches:
Dungeon (2/15)

Altars:
Fedhas
Makhleb


Innate Abilities, Weirdness & Mutations

You are too large for most types of armour.
You have tough skin. (AC +1)


Message History

You hit the gnoll.
The gnoll is moderately wounded.
The gnoll barely misses you.
You hit the gnoll.
The gnoll is severely wounded.
You closely miss the gnoll.
The gnoll is severely wounded.
The gnoll hits you with a +0 club.
* * * LOW HITPOINT WARNING * * *
You hit the gnoll but do no damage.
The gnoll is severely wounded.
The gnoll hits you with a +0 club!
* * * LOW HITPOINT WARNING * * *
You hit the gnoll but do no damage.
The gnoll is severely wounded.
The gnoll closely misses you.
You hit the gnoll.
The gnoll is severely wounded.
The gnoll hits you with a +0 club.
You die...

******* **************
,,,,,,* *<,,,,,,,,,,,*
,,,,,,****,**********,*
** ,,,,,,,,,,,*
*,**********,
,,,,,,****,*
*,,,,*,,,,,,, ,,,,,,*
#.##########***,*,****,,
*******
*#....)g@...####,#,*,,,,,
*,#,*
#+########.....#.#,*,**,,
*,#.* #.#
#.....#.#.*,***,
*,#.####.#
####.........*,*,,,
**,#....#.###
#........#.#**,*,*,
**,*#.......#
#.##>....#,# *,*,,,
**,*#.......#
#.##.....#.# *,,,,,
,,,,#.......#
#.#####.##.####****
,,,,#.......# #.#
#.##....,*###


You could see a gnoll.

Vanquished Creatures
  2 gnolls (D:2)
  An ooze (D:1)
  2 dart slugs (D:1)
  3 giant cockroaches (D:1)
  5 goblins
  A hobgoblin (D:2)
  3 jackals (D:1)
  A bat (D:1)
  A frilled lizard (D:2)
  5 kobolds (D:1)
  8 rats
32 creatures vanquished.

Notes
Turn   | Place    | Note
-------+----------+-------------------------------------------
     0 | D:1      | Gottschkopf the Ogre Berserker began the quest for the Orb.
     0 | D:1      | Reached XP level 1. HP: 24/24 MP: 1/1
   142 | D:1      | Reached XP level 2. HP: 22/33 MP: 2/2
   417 | D:1      | Reached skill level 5 in Fighting
   514 | D:1      | Reached ** piety under Trog
   514 | D:1      | Reached XP level 3. HP: 42/42 MP: 3/3
  1167 | D:2      | Found a burning altar of Makhleb.
  1178 | D:2      | Found a blossoming altar of Fedhas.
  1240 | D:2      | Reached skill level 6 in Fighting
  1254 | D:2      | Reached XP level 4. HP: 9/53 MP: 4/4
  1261 | D:2      | Slain by a gnoll

Illustrated notes

Levels and vault maps discovered:
D:1:      mrwooster_arrival_statue, layout_loops_ring, serial_glass,
          glass_columns_b, glass_columns_a, feat_on_display,
          minmay_strange_pillars, minmay_strange_pillars, minmay_strange_pillars
D:2:      layout_basic, nicolae_ru_the_path_less_chosen,
          lemuel_zombie_altar_yredelemnul, minitemple

Skill      XL: |  1  2  3 |
---------------+----------+-----
Fighting       | 5 6 |  6.3
Polearms       | |  3.0
Dodging        | |  2.6

Action                   |  1- 3 |  4- 6 || total
-------------------------+-------+-------++-------
Melee: Spear             |   116 |     7 ||   123
  Use: Scroll            |     1 |       ||     1
 Stab: Sleeping          |     2 |       ||     2
Armor: Animal skin       |    17 |     1 ||    18
Dodge: Dodged            |    26 |     2 ||    28

Table legend: (Time is in decaauts)
 A = Elapsed time spent in this place.
 B = Non-inter-level travel time spent in this place.
 C = Inter-level travel time spent in this place.
 D = Time resting spent in this place.
 E = Time spent auto-exploring this place.
 F = Levels seen in this place.
 G = Mean time per level.
                   A        B        C        D        E       F      G
               +--------+--------+--------+--------+--------+-----+--------+
         Total |   1252 |   1215 |     37 |      0 |   1012 |   2 |  626.0 |
       Dungeon |   1252 |   1215 |     37 |      0 |   1012 |   2 |  626.0 |
               +--------+--------+--------+--------+--------+-----+--------+

Top non-repeatable levels by time:
     D:1: 939 daAuts
     D:2: 313 daAuts
